 Dungeon Crawl Stone Soup version 0.30-b1-2-g02819fbbbe (webtiles) character file.

Game seed: 11582980576614452945

3544 LLlMATKO the Cleaver (level 9, 0/123 HPs)
             Began as a Minotaur Berserker on May 21, 2023.
             Was a Priest of Trog.
             Slain by a hornet (5 damage)
             ... on level 7 of the Dungeon.
             The game lasted 00:06:18 (7547 turns).

LLlMATKO the Cleaver (Minotaur Berserker)           Turns: 7547, Time: 00:06:18

Health: 0/123      AC: 14    Str: 24    XL:     9   Next: 83%
Magic:  8/8        EV: 10    Int:  4    God:    Trog [***...]
Gold:   499        SH:  0    Dex: 16    Spells: 8/8 levels left

rFire   . . .        D - +1 hand axe (heavy)
rCold   . . .        (no shield)
rNeg    . . .        F - +0 plate armour "Poaf" {Dex+4 Slay+3}
rPois   .            (helmet restricted)
rElec   .            E - scarf {+Inv}
rCorr   .            (no gloves)
SInv    .            n - +0 pair of boots
Will    .....        (no amulet) Stlth
                     (no ring)
HPRegen 0.40/turn    (no ring)
MPRegen 0.11/turn

%: no passive effects
@: berserking, lethally poisoned (0 -> -15), slowed
A: horns 2, retaliatory headbutt
a: Renounce Religion, Evoke Invisibility, Berserk, Trog's Hand


You were on level 7 of the Dungeon.
You worshipped Trog.
Trog was most pleased with you.
You visited 1 branch of the dungeon, and saw 8 of its levels.

You collected 499 gold pieces.

Inventory:

Hand Weapons
 d - a +0 sling
 v - a +2 hand axe of freezing
 D - a +1 heavy hand axe (weapon)
Missiles
 f - 5 poisoned darts
 o - 6 boomerangs
 x - a silver javelin (quivered)
Armour
 n - a +0 pair of boots (worn)
 E - a scarf of invisibility (worn)
 F - the +0 plate armour "Poaf" (worn) {Dex+4 Slay+3}
   (You took it off an orc warrior on level 6 of the Dungeon)

   Dex:       It affects your dexterity (+4).
   Slay:      It affects your accuracy & damage with ranged weapons and melee
   (+3).
Jewellery
 t - a ring of flight
 y - a +6 ring of intelligence
 A - a +5 ring of evasion
Wands
 k - a wand of polymorph (10)
 u - a wand of acid (7)
 w - a wand of mindburst (10)
 z - a wand of flame (24)
Scrolls
 a - 8 scrolls of teleportation {unknown}
 c - a scroll of fog {unknown}
 e - 4 scrolls of amnesia {unknown}
 g - a scroll of immolation {unknown}
 i - 2 scrolls of vulnerability {unknown}
 j - 5 scrolls of identify {unknown}
 l - a scroll of poison {unknown}
 m - a scroll of torment {unknown}
 p - a scroll of noise {unknown}
 q - a scroll of summoning {unknown}
 C - a scroll of enchant weapon {unknown}
 G - a scroll of blinking {unknown}
 I - a scroll of fear {unknown}
Potions
 b - 8 potions of curing {unknown}
 h - 4 potions of brilliance {unknown}
 r - a potion of lignification {unknown}
 s - a potion of attraction {unknown}
 B - a potion of ambrosia {unknown}
 H - a potion of magic {unknown}


   Skills:
 + Level 8.4 Fighting
 + Level 8.4 Axes
 + Level 6.6 Ranged Weapons
 + Level 7.9 Armour
 + Level 7.2 Dodging


You had 8 spell levels left.
You didn't know any spells.
Your spell library was empty.

Dungeon Overview and Level Annotations

Branches:
Dungeon (8/15)             Temple (0/1) D:5
   Lair: D:8-11

Altars:
Ashenzari
Cheibriados
Elyvilon
Gozag
Qazlal
Uskayaw
Xom

Shops:
D:1 (

Annotations:
D:8 Maurice


Innate Abilities, Weirdness & Mutations

You have a pair of horns on your head.
You reflexively headbutt those who attack you in melee.


Message History

Reactivating autopickup.
You feel sick.
There is a stone staircase leading down here.
Unknown command.
You miss the hornet. You headbutt the hornet.
The hornet is almost dead.
You feel sick. The hornet stings you.
You feel yourself slow down.
You closely miss the hornet. You headbutt the hornet.
The hornet is almost dead.
You feel yourself speed up.
You feel sick.
You are no longer poisoned.
The hornet stings you.
You are poisoned.
You suddenly lose the ability to move!
The hornet stings you!
You shrug off the repeated paralysis!
The hornet stings you but does no damage.
You feel sick. The hornet stings you.
You are more poisoned.
You feel yourself slow down. The hornet stings you.
You are lethally poisoned!
You shrug off the repeated paralysis!
You feel yourself speed up.
* * * LOW HITPOINT WARNING * * *
You feel extremely sick. The hornet stings you!
* * * LOW HITPOINT WARNING * * *
You feel yourself slow down.
You can move again.
You are too injured to fight recklessly!
You are too injured to fight recklessly!
Unknown command.
Unknown command.
You are too injured to fight recklessly!
A red film seems to cover your vision as you go berserk!
You feel yourself moving faster!
You feel mighty!
* * * LOW HITPOINT WARNING * * *
You feel extremely sick. The hornet closely misses you. The hornet stings you.
You die...

##.###### #.###.######.#
#####......# #........# #.#
...#######.# #.....##.# #.#
...# #.####[[#####.# #.####
...# #...##..#.....# #....#
...# ###.##[.#.#########.##
...# #...[.#.##.....<#.#
...###########...#.##.####.#.#
...'............@..##.######.#
...############.y..........#.#
............#########.#..#.#.#
##.....####...........#..#.#.#
.#####.################.[#.#.#
.....'...................#.#.#
.#####..............####.#.#.#
##..................# #.#.#.#
....................# #.#.#.#


You could see a hornet.

Vanquished Creatures
  The ghost of TreWolfie the Covert, a novice KoBr of Qazlal (D:6)
  Grinder (D:6)
  5 yaks (D:7)
  An ice beast (D:7)
  2 orc warriors (D:6)
  2 sky beasts (D:7)
  2 ogres
  A centaur (D:6)
  A phantom (D:4)
  3 scorpions
  11 wights
  3 jellies (D:6)
  4 hounds
  2 orc priests (D:6)
  A gnoll bouda (D:5)
  6 iguanas
  A sleepcap (D:5)
  4 gnolls (D:5)
  4 adders
  2 shadow imps (D:7)
  3 white imps (D:7)
  2 ufetubi
  5 dart slugs
  13 orcs
  6 endoplasms
  7 goblins
  13 hobgoblins
  9 kobolds
  2 quokkas
  11 ball pythons
  6 bats
  A frilled lizard (D:2)
  2 rats
  A butterfly (D:5)
138 creatures vanquished.

Vanquished Creatures (others)
  A plant (D:7)
1 creature vanquished.

Grand Total: 139 creatures vanquished

Notes
Turn   | Place    | Note
-------+----------+-------------------------------------------
     0 | D:1      | LLlMATKO the Minotaur Berserker began the quest for the
                  | Orb.
     0 | D:1      | Reached XP level 1. HP: 19/19 MP: 0/0
   118 | D:1      | Found Rian's Antique Weapon Emporium.
   192 | D:1      | Reached XP level 2. HP: 25/27 MP: 1/1
   964 | D:2      | Reached XP level 3. HP: 33/33 MP: 2/2
  1068 | D:2      | Reached skill level 1 in Ranged Weapons
  1175 | D:2      | Found a stormy altar of Qazlal.
  1181 | D:2      | Reached ** piety under Trog
  1260 | D:2      | Found a faded altar of an unknown god.
  1940 | D:3      | Reached XP level 4. HP: 39/40 MP: 3/3
  2347 | D:4      | You fall into a shaft and drop 1 floor!
  2347 | D:5      | Entered Level 5 of the Dungeon
  2349 | D:5      | Noticed an ogre
  2355 | D:5      | Killed an ogre
  2356 | D:5      | Reached XP level 5. HP: 46/47 MP: 4/4
  2561 | D:5      | Reached skill level 5 in Fighting
  2561 | D:5      | Reached XP level 6. HP: 36/56 MP: 5/5
  2603 | D:5      | Reached skill level 5 in Axes
  2718 | D:5      | Reached XP level 7. HP: 17/61 MP: 6/6
  3510 | D:4      | Found a broken altar of Ashenzari.
  3839 | D:4      | Reached skill level 5 in Armour
  4077 | D:5      | Reached *** piety under Trog
  4112 | D:5      | Found a shimmering altar of Xom.
  4136 | D:5      | Found a staircase to the Ecumenical Temple.
  4692 | D:6      | Noticed Grinder
  4696 | D:6      | Paralysed by Grinder for 3 turns
  4700 | D:6      | Killed Grinder
  4701 | D:6      | Reached skill level 5 in Dodging
  4701 | D:6      | Reached XP level 8. HP: 70/70 MP: 7/7
  4944 | D:6      | Noticed a +0 hand axe
  4945 | D:6      | Noticed a +0 dagger
  4946 | D:6      | Found a hide-covered altar of Uskayaw.
  5734 | D:6      | Found a runed translucent gate.
  5734 | D:6      | Identified the +0 plate armour "Poaf" {Dex+4 Slay+3}
  5734 | D:6      | Noticed TreWolfie's ghost (novice KoBr)
  5735 | D:6      | Found a runed translucent gate.
  5736 | D:6      | Found a runed translucent gate.
  5831 | D:6      | Reached skill level 5 in Ranged Weapons
  5844 | D:6      | Identified the orb of Dunn {*Rage, Str+3 Int+3 Stlth-}
  6117 | D:6      | Killed TreWolfie's ghost
  6118 | D:6      | Reached XP level 9. HP: 79/79 MP: 8/8
  6393 | D:7      | Found an opulent altar of Gozag.
  6839 | D:7      | Found a white marble altar of Elyvilon.
  7330 | D:7      | Found a snail-covered altar of Cheibriados.
  7535 | D:8      | Noticed Maurice
  7536 | D:8      | Paralysed by a hornet for 3 turns
  7540 | D:8      | Paralysed by a hornet for 1 turns
  7544 | D:7      | Paralysed by a hornet for 3 turns
  7547 | D:7      | HP: 5/123 [poisoned by a hornet]
  7547 | D:7      | Slain by a hornet

Illustrated notes

Levels and vault maps discovered:
D:1:      spicycebolla_arrival_risky_transporter, layout_loops_cross,
          serial_shops, nicolae_shop_tiny_real_fake_doors, minmay_statues_item,
          chequers_serial_rivers_small_a
D:2:      layout_loops_ring, hellmonk_ecumenical_altar_pennies_from_heaven,
          basic_altar, kennysheep_cluttered_room
D:3:      cheibrodos_greedy_goblins, layout_loops_ring, serial_glass,
          glass_columns_b, glass_columns_b, glass_columns_a, glass_columns_a,
          glass_columns_a, glass_columns_a, glass_columns_c, glass_columns_c,
          glass_columns_a, glass_columns_a
D:4:      layout_loops_ring, mainiacjoe_overflow_small_starburst,
          grunt_decor_clamped
D:5:      nicolae_cairo_tiling_large_dashed, layout_layer_cave, xom_butterflies,
          minmay_temple_entry_enclosed_plants
D:6:      layout_basic, dancing_weapons_uskayaw, biasface_ghost_orc_armoury,
          kennysheep_generic_room_13, uniq_grinder
D:7:      layout_basic, mainiacjoe_overflow_surrounded_room,
          mainiacjoe_overflow_alcove_1, elyvilon_altar_1, serial_glass,
          glass_columns_a, glass_columns_a, glass_columns_c, glass_columns_a,
          glass_columns_b, glass_columns_b
D:8:      layout_cave_pools, zin_angel, serial_shops, shop, uniq_maurice,
          uniq_erica

Skill      XL: |  1  2  3  4  5  6  7  8  9 |
---------------+----------------------------+-----
Fighting       | 4 5 6 7 8 |  8.4
Axes           | 4 5 6 7 8 |  8.4
Armour         | 3 4 5 6 7 |  7.9
Ranged Weapons | 1 2 3 4 5 6 |  6.6
Dodging        | 3 4 5 6 7 |  7.2

Action                     |  1- 3 |  4- 6 |  7- 9 || total
---------------------------+-------+-------+-------++-------
  Melee: Hand axe          |    48 |       |   139 ||   187
         Headbutt          |     3 |     9 |    25 ||    37
         War axe           |    42 |    56 |    16 ||   114
  Throw: Dart              |     3 |       |     3 ||     6
         Javelin           |       |       |    14 ||    14
 Invoke: Berserk           |       |     2 |     6 ||     8
         Trog's Hand       |       |       |     1 ||     1
 Armour: Animal skin       |     8 |       |       ||     8
         Ring mail         |    22 |    27 |     6 ||    55
         Plate armour      |       |       |    70 ||    70
  Dodge: Dodged            |    59 |    33 |    80 ||   172
